 Dungeon Crawl Stone Soup version 0.25-a0-583-g696c2ac64d (webtiles) character file.

Game seed: 5135028718593748392, levelgen mode: deterministic

9474 An17 the Unseen (level 11, -8/74 HPs)
             Began as a Vampire Enchanter on Mar 8, 2020.
             Was a High Priest of Dithmenos.
             Mangled by Sonja
             ... wielding a +2 short sword of distortion
              (13 damage)
             ... on level 10 of the Dungeon.
             The game lasted 00:38:40 (10363 turns).

An17 the Unseen (Vampire Enchanter)                Turns: 10363, Time: 00:38:43

Health: -8/74      AC:  8    Str:  7    XL:     11   Next: 23%
Magic:  16/19      EV: 22    Int: 18    God:    Dithmenos [*****.]
Gold:   455        SH:  0    Dex: 18    Spells: 13/21 levels left

rFire    . . .     SeeInvis +   I - +5 short sword (freeze)
rCold    + + .     Gourm    .   (no shield)
rNeg     + + +     Faith    .   r - +2 steam dragon scales
rPois    ∞         Spirit   .   g - +0 helmet
rElec    .         Reflect  .   (no cloak)
rCorr    .         Harm     .   (no gloves)
MR       ++...                  (no boots)
Stlth    ++++++++++             (no amulet)
HPRegen  0.00/turn              e - +3 ring of evasion
MPRegen  0.16/turn              E - ring of protection from magic

@: confusing touch, about to teleport, bloodless, wreathed by umbra
A: no food, fangs 3, see invisible, robust 2, unbreathing
a: Bat Form, Revivify, Shadow Step, Shadow Form, Renounce Religion


You were on level 10 of the Dungeon.
You worshipped Dithmenos.
Dithmenos was extremely pleased with you.
You were bloodless.

You visited 1 branch of the dungeon, and saw 10 of its levels.
You also visited: Sewer and Ossuary.

You collected 455 gold pieces.

Inventory:

Hand Weapons
 c - a +1 vorpal dagger
 h - a +1 short sword of venom
 p - a +1 falchion of freezing
 G - a +1 scimitar of flaming
 I - a +5 short sword of freezing (weapon)
 J - the +4 war axe "Wodevime" {elec, *Noise rElec rF+}
   (You found it on level 9 of the Dungeon)

   Occasionally, upon striking a foe, it will discharge some electrical energy
   and cause terrible harm.
   It protects you from fire.
   It insulates you from electricity.
   It may make noises in combat.
Missiles
 q - 2 throwing nets
 s - 28 poisoned darts (quivered)
 B - 18 atropa-tipped darts
Armour
 g - a +0 helmet (worn)
 r - +2 steam dragon scales (worn)
 w - a +3 ring mail
 D - +0 swamp dragon scales
Magical Staves
 M - an uncursed staff of summoning {unknown}
Jewellery
 e - a +3 ring of evasion (left hand)
 E - a ring of protection from magic (right hand)
 F - an uncursed ring of protection from cold
Wands
 l - a wand of polymorph (5)
 v - a wand of enslavement (7)
 z - a wand of iceblast (10)
 C - a wand of disintegration (20)
 H - a wand of random effects (16)
 L - a wand of flame (23)
Scrolls
 d - a scroll of magic mapping
 f - a scroll of blinking
 m - 4 scrolls of teleportation
 y - 4 scrolls of remove curse
 K - 2 scrolls of amnesia
Potions
 a - 2 potions of mutation
 b - 2 potions of curing
 i - a potion of heal wounds
 j - 4 potions of invisibility
 k - 2 potions of flight
 n - 2 potions of stabbing
 o - 2 potions of might
 t - a potion of degeneration {unknown}
 u - a potion of magic {unknown}
 x - a potion of brilliance
 A - 2 potions of cancellation


   Skills:
 + Level 2.8 Fighting
 + Level 7.2(7.4) Short Blades
 + Level 1.6(4.4) Long Blades
 * Level 9.6 Dodging
 - Level 15.1 Stealth
 + Level 5.5 Spellcasting
 + Level 8.9 Hexes
 + Level 4.2 Ice Magic
 + Level 0.4 Evocations


You had 13 spell levels left.
You knew the following spells:

 Your Spells              Type           Power        Failure   Level  Hunger
b - Ensorcelled Hibernat  Hex/Ice        ####..       1%          2    N/A
c - Tukima's Dance        Hex            #####...     1%          3    N/A
d - Confusing Touch       Hex            #####...     1%          3    N/A

Your spell library contained the following spells:

 Spells                   Type           Power        Failure   Level  Hunger
 Corona                   Hex            #####..      1%          1    N/A
 Dazzling Flash           Conj/Hex       ###...       6%          3    N/A
 Inner Flame              Hex/Fire       ###.....     6%          3    N/A
 Foxfire                  Conj/Fire      #...         13%         1    N/A
 Conjure Flame            Conj/Fire      #.......     36%         3    N/A
 Sticky Flame             Conj/Fire      #.......     77%         4    N/A
 Fireball                 Conj/Fire      #.........   98%         5    N/A

Dungeon Overview and Level Annotations

Branches:
Dungeon (10/15)            Temple (0/1) D:6            Lair (0/6) D:8
    Orc (0/2) D:9           Sewer (visited)         Ossuary (visited)

Altars:
Cheibriados
Dithmenos
Elyvilon
Okawaru
Qazlal
Wu Jian
Yredelemnul

Shops:
D:6 =   D:9 %

Annotations:
D:10 Sonja


Innate Abilities, Weirdness & Mutations

You do not eat.
You do not regenerate when monsters are visible.
You are frail without blood (-20% HP).
You can heal yourself when you bite living creatures.
You are immune to poison.
You have razor-sharp teeth.
You have supernaturally acute eyesight. (SInv)
You can survive without breathing.
You are very robust. (+20% HP)


Message History

You closely miss Sonja. Your shadow misses Sonja. Sonja completely misses you.
Sonja hits you but does no damage. Space warps horribly around you!
Sonja barely misses you. The orc hits you but does no damage.
You barely miss Sonja. You bite Sonja, but do no damage.
Your shadow hits Sonja but does no damage.
Sonja barely misses you. x2; Sonja hits you but does no damage.
Space bends around you. The orc closely misses you.
You hit Sonja but do no damage. Your bite misses Sonja.
Sonja hits you with a +2 short sword of distortion.
You feel strangely unstable.
Sonja hits you with a +2 short sword of distortion.
Space bends around you. Sonja hits you but does no damage.
Space warps horribly around you!!
* * * LOW HITPOINT WARNING * * *
The orc barely misses you. The orc misses you.
Sonja hits you but does no damage. Space warps horribly around you!
* * * LOW HITPOINT WARNING * * *
Sonja barely misses you. Sonja hits you but does no damage.
Space warps horribly around you!
You die...

#......# #......# #......#
#......# #......# #.....$#
.. #..K...# ..## #...@o.#
.# ..... #....o(##[..#
..... #...##(.....#
#.##...#...##......# #..#
#.##...#...##.##...# #..#
#.##.......##.# ...# #..#
#.##.......##.##...#..#
#..#
#####.##..###..##.##...#..#
#..# #.....##..
#..##.##...#..# #...


You could see Sonja and 2 orcs.

Vanquished Creatures
  Erolcha (D:9)
  Erica (D:9)
  A two-headed ogre (D:10)
  An elephant (D:8)
  Maggie (D:6)
  A queen bee (D:9)
  3 hippogriffs
  A basilisk (D:8)
  A yak (D:8)
  Grum (D:9)
  A steam dragon (D:4)
  A hungry ghost (D:10)
  Menkaure (D:6)
  3 wargs (D:9)
  Purgy (Sewer)
  2 orc warriors
  A sky beast (D:10)
  2 ice beasts
  2 phantoms (D:9)
  A black bear (D:8)
  A hornet zombie (D:7)
  5 ogres
  3 wolves (D:9)
  4 centaurs
  A crocodile (D:8)
  An elf zombie (Ossuary)
  A big kobold (D:9)
  A bullfrog (D:6)
  5 scorpions
  17 killer bees (D:9)
  3 wights (D:9)
  4 howler monkeys
  5 crimson imps
  2 jellies
  2 centaur zombies (Ossuary)
  A hound (D:10)
  4 human zombies (Ossuary)
  5 orc priests
  A bullfrog skeleton (D:8)
  A gnoll shaman (D:7)
  6 iguanas
  3 orc wizards
  7 worker ants
  2 big kobold zombies (Ossuary)
  2 hound zombies (Ossuary)
  A hound skeleton (D:4)
  3 mummies (Ossuary)
  2 worker ant zombies (D:7)
  A howler monkey skeleton (D:6)
  4 gnolls (D:7)
  12 adders
  4 oozes
  3 adder zombies
  3 adder skeletons
  2 worms
  2 dart slugs
  2 leopard geckos
  34 orcs
  A ball python (D:4)
  11 giant cockroaches
  12 goblins
  11 hobgoblins
  20 jackals
  15 kobolds
  2 quokkas
  14 bats
  7 frilled lizards
  2 goblin zombies (Ossuary)
  6 hobgoblin zombies (Ossuary)
  3 jackal skeletons
  3 jackal zombies (Ossuary)
  3 kobold zombies (Ossuary)
  A leopard gecko zombie (D:8)
  An orc zombie (Ossuary)
  2 quokka zombies (Ossuary)
  10 rats
  3 rat zombies (Ossuary)
314 creatures vanquished.

Vanquished Creatures (collateral kills)
  3 wights (D:7)
  2 orcs (D:8)
5 creatures vanquished.

Vanquished Creatures (others)
  5 dancing weapons
5 creatures vanquished.

Grand Total: 324 creatures vanquished

Notes
Turn   | Place    | Note
-------+----------+-------------------------------------------
     0 | D:1      | An17 the Vampire Enchanter began the quest for the Orb.
     0 | D:1      | Reached XP level 1. HP: 13/13 MP: 3/3
   103 | D:1      | Reached XP level 2. HP: 19/19 MP: 5/5
   107 | D:1      | Learned a level 2 spell: Ensorcelled Hibernation
   237 | D:1      | Reached skill level 5 in Stealth
   290 | D:1      | You fall into a shaft and drop 1 floor!
   348 | D:2      | Reached XP level 3. HP: 4/24 MP: 3/6
   353 | D:2      | Learned a level 3 spell: Tukima's Dance
  1280 | D:2      | Reached XP level 4. HP: 24/24 MP: 4/7
  1486 | D:2      | Reached skill level 5 in Hexes
  1938 | D:3      | Reached skill level 6 in Stealth
  2144 | D:3      | Found a shadowy altar of Dithmenos.
  2159 | D:3      | Became a worshipper of Dithmenos the Shadowed
  2320 | D:3      | Reached XP level 5. HP: 28/28 MP: 8/8
  2878 | D:4      | Noticed an ogre
  2935 | D:4      | Killed an ogre
  2935 | D:4      | Reached skill level 7 in Stealth
  2935 | D:4      | Reached XP level 6. HP: 33/33 MP: 6/9
  2940 | D:4      | Learned a level 3 spell: Confusing Touch
  2991 | D:4      | Reached * piety under Dithmenos
  3174 | D:4      | Reached skill level 1 in Ice Magic
  3175 | D:4      | Reached skill level 8 in Stealth
  3517 | D:4      | Found an iron altar of Okawaru.
  3657 | D:4      | Noticed a steam dragon
  3664 | D:4      | Killed a steam dragon
  3664 | D:4      | Reached XP level 7. HP: 37/37 MP: 10/10
  3737 | D:5      | Entered Level 5 of the Dungeon
  3744 | D:5      | Found a white marble altar of Elyvilon.
  3772 | D:5      | Noticed a hippogriff
  3820 | D:5      | Killed a hippogriff
  3820 | D:5      | Reached skill level 1 in Fighting
  3820 | D:5      | Reached skill level 9 in Stealth
  3842 | D:5      | Found a glowing drain.
  3921 | Sewer    | Entered a sewer
  4045 | Sewer    | Noticed Purgy
  4047 | Sewer    | Killed Purgy
  4047 | Sewer    | Reached skill level 10 in Stealth
  4190 | D:5      | Found a sand-covered staircase.
  4195 | Ossuary  | Entered an ossuary
  4323 | Ossuary  | Gained mutation: You are robust. (+10% HP) [potion of
                  | mutation]
  4323 | Ossuary  | Gained mutation: You are very robust. (+20% HP) [potion of
                  | mutation]
  4342 | Ossuary  | Reached skill level 5 in Dodging
  4342 | Ossuary  | Reached XP level 8. HP: 5/54 MP: 12/12
  4629 | Ossuary  | Reached ** piety under Dithmenos
  5406 | D:5      | Found an ornate altar of the Wu Jian Council.
  5417 | D:5      | Reached skill level 1 in Long Blades
  5598 | D:5      | Reached skill level 11 in Stealth
  5706 | D:5      | Reached *** piety under Dithmenos
  5732 | D:5      | Reached skill level 5 in Short Blades
  5799 | D:6      | Found Qypyud's Jewellery Emporium.
  5799 | D:6      | Noticed Maggie
  5803 | D:6      | Killed Maggie
  5847 | D:6      | Reached XP level 9. HP: 61/61 MP: 14/14
  5851 | D:6      | Noticed Menkaure
  5895 | D:6      | Killed Menkaure
  5980 | D:6      | Found a staircase to the Ecumenical Temple.
  6034 | D:6      | Found a stormy altar of Qazlal.
  6595 | D:7      | Reached skill level 12 in Stealth
  6596 | D:7      | Found a basalt altar of Yredelemnul.
  6599 | D:7      | Found a snail-covered altar of Cheibriados.
  6849 | D:7      | Reached **** piety under Dithmenos
  7776 | D:8      | Noticed an elephant
  7789 | D:8      | Found a staircase to the Lair.
  7833 | D:8      | Killed an elephant
  7833 | D:8      | Reached skill level 13 in Stealth
  7833 | D:8      | Reached XP level 10. HP: 67/67 MP: 9/16
  8314 | D:9      | Noticed Erica
  8317 | D:9      | Killed Erica
  8389 | D:9      | Noticed Grum
  8456 | D:9      | Killed Grum
  8571 | D:9      | Reached ***** piety under Dithmenos
  8575 | D:9      | HP: 3/68 [warg (12)]
  8782 | D:9      | Found Vuotocio's Food Boutique.
  8794 | D:9      | Reached skill level 5 in Spellcasting
  8922 | D:9      | Reached skill level 14 in Stealth
  9006 | D:9      | Found a staircase to the Orcish Mines.
  9038 | D:9      | Noticed Erolcha
  9052 | D:9      | Killed Erolcha
  9052 | D:9      | Reached skill level 15 in Stealth
  9052 | D:9      | Reached XP level 11. HP: 67/74 MP: 11/18
  9278 | D:9      | Got an iridescent war axe
  9421 | D:9      | Identified the +4 war axe "Wodevime" {elec, *Noise rElec
                  | rF+} (You found it on level 9 of the Dungeon)
  9855 | D:10     | Entered Level 10 of the Dungeon
  9909 | D:10     | Noticed a two-headed ogre
  9916 | D:10     | Killed a two-headed ogre
 10347 | D:10     | Noticed Sonja
 10363 | D:10     | Mangled by Sonja

Levels and vault maps discovered:
D:1:      lightli_arrival_chessboard, layout_basic
D:2:      layout_loops_cross, chequers_serial_rivers_room_a
D:3:      layout_basic, grunt_ministairs_7, nicolae_dithmenos_shadow_blocks
D:4:      layout_basic, okawaru_gym_becter, minmay_quadrilaterals
D:5:      layout_rooms, lemuel_crystal_altar, elyvilon_altar_5, enter_ossuary_5,
          first_ration, gup_sewer_entry_glass, grunt_ministairs_9
D:6:      layout_rooms, nicolae_qazlal_general_emergency,
          minmay_temple_entry_from_below_a, serial_shops, shop, uniq_maggie,
          uniq_menkaure
D:7:      layout_basic, chequers_temple_overflow_statue_of_worship,
          grunt_ogre_cave
D:8:      layout_loops_corners, david_lair_generic, kennysheep_generic_room_12
D:9:      layout_basic, minmay_orc_entry_guard_dogs, serial_shops, shop,
          minivault_7, uniq_erolcha, uniq_grum, uniq_erica
D:10:     layout_long_grid, uniq_sonja

Skill      XL: |  1  2  3  4  5  6  7  8  9 10 11 |
---------------+----------------------------------+-----
Stealth        | 5 6 7 8 10 11 13 15 | 15.1
Short Blades   | 2 3 4 5 6 7 |  7.2
Hexes          | 5 6 7 8 |  8.9
Dodging        | 3 4 5 6 7 9 |  9.6
Ice Magic      | 1 2 3 4 |  4.2
Fighting       | 1 2 |  2.8
Long Blades    | 1 |  1.6
Spellcasting   | 3 4 5 |  5.5
Evocations     | |  0.4

Action                   |  1- 3 |  4- 6 |  7- 9 | 10-12 || total
-------------------------+-------+-------+-------+-------++-------
Melee: Dagger            |   139 |    66 |   192 |   136 ||   533
       Bite              |    11 |     3 |    50 |    28 ||    92
       Short sword       |       |    42 |   257 |   157 ||   456
       Falchion          |       |       |   107 |       ||   107
 Cast: Corona            |     3 |       |       |       ||     3
       Ensorcelled Hiber |     6 |    11 |    37 |    27 ||    81
       Confusing Touch   |       |       |     6 |     6 ||    12
       Tukima's Dance    |       |       |     8 |     5 ||    13
 Abil: Exsanguinate      |     1 |       |       |       ||     1
Evoke: Wand              |       |       |     1 |     1 ||     2
  Use: Scroll            |     4 |     4 |    14 |     8 ||    30
       Potion            |       |       |     4 |     2 ||     6
 Stab: Sleeping          |    25 |    40 |    56 |    49 ||   170
       Confused          |       |       |     5 |     5 ||    10
       Distracted        |       |       |     1 |     1 ||     2
Armor: Robe              |    11 |       |       |       ||    11
       Leather armour    |     7 |    17 |       |       ||    24
       Steam dragon scal |       |       |    66 |    20 ||    86
Dodge: Dodged            |   106 |    56 |   388 |   239 ||   789
       Rpst.: Falchion   |       |       |    29 |       ||    29

Table legend:
 A = Non-vault XP
 B = Vault XP
 C = Vault XP percentage of total XP
 D = Non-vault monster count
 E = Vault monster count
 F = Vault count percentage of total count
                 A         B        C        D         E       F
            +---------+---------+-------+---------+---------+-------
      Total |    6516 |    7019 |  51.9 |     228 |      91 |  28.5
            +---------+---------+-------+---------+---------+-------
        D:1 |      58 |       0 |   0.0 |      30 |       0 |   0.0
        D:2 |      70 |       0 |   0.0 |      36 |       0 |   0.0
        D:3 |      82 |       3 |   3.5 |      23 |       2 |   8.0
        D:4 |     530 |      21 |   3.8 |      15 |       5 |  25.0
        D:5 |     651 |     282 |  30.2 |      20 |       7 |  25.9
        D:6 |     445 |     567 |  56.0 |      13 |       2 |  13.3
        D:7 |    1059 |     118 |  10.0 |      24 |       1 |   4.0
        D:8 |     748 |    1013 |  57.5 |      19 |       5 |  20.8
        D:9 |    1442 |    4332 |  75.0 |      28 |      27 |  49.1
       D:10 |    1431 |       0 |   0.0 |      20 |       0 |   0.0
      Sewer |       0 |     145 | 100.0 |       0 |       6 | 100.0
    Ossuary |       0 |     538 | 100.0 |       0 |      36 | 100.0
            +---------+---------+-------+---------+---------+-------
